 Dungeon Crawl Stone Soup version 0.31-a0-188-g5e087ee2ca (webtiles) character file.

Game seed: 11075785648514135641

38 qw the Shooter (level 3, 0/20 HPs)
             Began as a Deep Elf Hunter on June 23, 2023.
             Slain by Terence
             ... wielding a +2 heavy flail
              (13 damage)
             ... on level 2 of the Dungeon.
             The game lasted 00:00:18 (1190 turns).

qw the Shooter (Deep Elf Hunter)                    Turns: 1190, Time: 00:00:19

Health: 0/20       AC:  3    Str: 14    XL:     3   Next: 25%
Magic:  5/5        EV: 12    Int: 12    God:
Gold:   55         SH:  0    Dex: 17    Spells: 2/2 levels left

rFire   . . .        Y - +0 shortbow
rCold   . . .        (shield currently unavailable)
rNeg    . . .        c - +0 leather armour
rPois   .            (no helmet)
rElec   .            (no cloak)
rCorr   .            (no gloves)
SInv    .            (no boots)
Will    .....        (no amulet)
Stlth   ++           (no ring)
HPRegen 0.23/turn    (no ring)
MPRegen 0.09/turn

%: clarity
@: no status effects
A: fangs 1, clarity, deterioration 1, strong 1
a: no special abilities


You were on level 2 of the Dungeon.
You visited 1 branch of the dungeon, and saw 2 of its levels.

You collected 55 gold pieces.


Innate Abilities, Weirdness & Mutations

You have very sharp teeth.
You possess an exceptional clarity of mind.
Your body sometimes deteriorates upon taking damage.
Your muscles are strong. (Str +4, Int/Dex -1)


   Skills:
 - Level 1.5 Fighting
 + Level 6.8 Ranged Weapons
 - Level 2.4 Dodging
 - Level 1.2 Stealth


You had 2 spell levels left.
You didn't know any spells.
Your spell library was empty.

Inventory:

Hand Weapons
 Y - a +0 shortbow (weapon)
Armour
 a - a +0 scale mail
 c - a +0 leather armour (worn)
Potions
 d - a potion of might {unknown}
 f - a potion of mutation

Dungeon Overview and Level Annotations

Branches:
Dungeon (2/15)

Altars:

Annotations:
D:2 1 runed translucent door, Crazy Yiuf, Terence


Message History

The hobgoblin throws a stone.
The stone barely misses you.
You shoot an arrow. The arrow hits the hobgoblin.
You kill the hobgoblin!
Found a stone staircase leading down.
Found a short sword.
You see here a +0 short sword.
Terence the Incautious comes into view.
He is wielding a +2 heavy flail.
Terence shouts!
You shoot an arrow.
The arrow hits Terence but does no damage.
You shoot an arrow.
The arrow hits Terence but does no damage.
You shoot an arrow.
The arrow hits Terence but does no damage.
You shoot an arrow. The arrow hits Terence!
Terence is heavily wounded.
You shoot an arrow. The arrow closely misses Terence.
You shoot an arrow. The arrow hits Terence.
Terence is heavily wounded.
Terence says, "Time to say good-bye..."
Terence closely misses you.
You shoot an arrow. The arrow hits Terence.
Terence is severely wounded.
Terence drinks a potion.
Terence is healed!
You shoot an arrow. The arrow hits Terence.
Terence is heavily wounded.
Terence misses you.
You shoot an arrow.
The arrow hits Terence but does no damage.
Terence is heavily wounded.
You shoot an arrow.
The arrow hits Terence but does no damage.
Terence is heavily wounded.
Terence misses you.
You shoot an arrow. The arrow closely misses Terence.
Terence hits you with a +2 heavy flail!
You shoot an arrow. The arrow barely misses Terence.
Terence hits you with a +2 heavy flail!
Ouch! That really hurt!
You die...

..# .#..#
######......##
#..@@........
#)####.$... ..
#######.######.#..#
..>..........)....#
############.###.##
#.# #.# #.# #.###


You could see Terence.

Vanquished Creatures
  A gnoll (D:1)
  2 dart slugs (D:1)
  5 bats
  2 endoplasms
  A giant cockroach (D:1)
  A goblin (D:1)
  A hobgoblin (D:2)
  5 kobolds
  3 ball pythons (D:1)
  A frilled lizard (D:1)
  3 rats (D:1)
25 creatures vanquished.

Notes
Turn   | Place    | Note
-------+----------+-------------------------------------------
     0 | D:1      | qw the Deep Elf Hunter began the quest for the Orb.
     0 | D:1      | Reached XP level 1. HP: 12/12 MP: 3/3
     0 | D:1      | 0 ||| qw: Version: 0.3-a-9-g12657ce
     0 | D:1      | 0 ||| qw: Game counter: 4381
     0 | D:1      | 0 ||| qw: Always use a shield: true
     0 | D:1      | 0 ||| qw: God list: Okawaru
     0 | D:1      | 0 ||| qw: Allow faded altars: false
     0 | D:1      | 0 ||| qw: Do Orc after D:15 true
     0 | D:1      | 0 ||| qw: Do second Lair branch before Depths: true
     0 | D:1      | 0 ||| qw: Lair rune preference: random
     0 | D:1      | 0 ||| qw: Plans: Normal
     0 | D:1      | 0 ||| PLANNING D:1-11
    86 | D:1      | Reached skill level 6 in Ranged Weapons
    86 | D:1      | Reached XP level 2. HP: 16/16 MP: 4/4
   387 | D:1      | Found a faded altar of an unknown god.
   624 | D:1      | Reached XP level 3. HP: 20/20 MP: 5/5
   974 | D:1      | 974 ||| READING scroll labelled ATUUTOHOMN.
   975 | D:1      | 975 ||| DRINKING 2 fuming green potions.
   975 | D:1      | Gained mutation: Your muscles are strong. (Str +4, Int/Dex
                  | -1) [potion of mutation]
   975 | D:1      | Gained mutation: You have very sharp teeth. [potion of
                  | mutation]
   975 | D:1      | Gained mutation: Your body sometimes deteriorates upon
                  | taking damage. [potion of mutation]
   975 | D:1      | Gained mutation: You possess an exceptional clarity of
                  | mind. [potion of mutation]
   976 | D:1      | 976 ||| DROPPING scroll of butterflies.
  1063 | D:2      | Found a runed translucent door.
  1064 | D:2      | Noticed Crazy Yiuf
  1178 | D:2      | Noticed Terence
  1190 | D:2      | Slain by Terence

Levels and vault maps discovered:
D:1:      onia_arrival_mini_maze, layout_basic,
          shapermc_ecumenical_altar_pompeii, roderic_roman_lattice
D:2:      minmay_wonky_spiral, layout_loops_ring, grunt_decor_cap, uniq_terence,
          uniq_crazy_yiuf_cottage

Skill      XL: |  1 |
---------------+----+-----
Ranged Weapons | 6 |  6.8
Fighting       | |  1.5
Dodging        | |  2.4
Stealth        | |  1.2

Action                     || total
---------------------------++-------
   Fire: Shortbow          ||    75
    Use: Scroll            ||     1
         Potion            ||     1
 Armour: Leather armour    ||     5
  Dodge: Dodged            ||    15

Table legend:
 A = Non-vault XP
 B = Vault XP
 C = Vault XP percentage of total XP
 D = Non-vault monster count
 E = Vault monster count
 F = Vault count percentage of total count
                 A         B        C        D         E       F
            +---------+---------+-------+---------+---------+-------
      Total |      51 |       4 |   7.3 |      22 |       3 |  12.0
            +---------+---------+-------+---------+---------+-------
        D:1 |      46 |       2 |   4.2 |      19 |       2 |   9.5
        D:2 |       5 |       2 |  28.6 |       3 |       1 |  25.0
            +---------+---------+-------+---------+---------+-------
